 Dungeon Crawl Stone Soup version 0.28.0 (webtiles) character file.

Game seed: 5233657947407338303

1803 Valtiel the Blocker (level 8, 0/64 HPs)
             Began as a Minotaur Fighter on Feb 5, 2022.
             Slain by a gnoll (7 damage)
             ... on level 5 of the Dungeon.
             The game lasted 00:14:31 (5725 turns).

Valtiel the Blocker (Minotaur Fighter)              Turns: 5725, Time: 00:14:32

Health: 0/64       AC:  6    Str: 22    XL:     8   Next: 83%
Magic:  7/7        EV:  7    Int:  5    God:
Gold:   231        SH:  7    Dex: 11    Spells: 7/7 levels left

rFire   . . .      SeeInvis .   j - +4 dagger (venom)
rCold   . . .      Faith    .   c - +0 buckler
rNeg    . . .      Spirit   .   r - +1 chain mail
rPois   .          Reflect  .   (helmet restricted)
rElec   .          Harm     .   (no cloak)
rCorr   .          Rampage  .   (no gloves)
Will    .....                   (no boots)
Stlth   ..........              (no amulet)
HPRegen 0.20/turn               (no ring)
MPRegen 0.10/turn               (no ring)

@: corroded
A: horns 2, retaliatory headbutt
a: no special abilities


You were on level 5 of the Dungeon.
You visited 1 branch of the dungeon, and saw 7 of its levels.

You collected 231 gold pieces.

Inventory:

Hand Weapons
 a - a +0 long sword
 j - a +4 dagger of venom (weapon)
Missiles
 f - 5 poisoned darts
 k - 2 atropa-tipped darts
 p - 8 javelins (quivered)
Armour
 c - a +0 buckler (worn)
 r - a +1 chain mail (worn)
Wands
 n - a wand of polymorph (11)
 o - a wand of flame (29)
 t - a wand of paralysis (9)
Scrolls
 b - a scroll of enchant weapon
 i - a scroll of silence
 m - a scroll of enchant armour
 q - 3 scrolls of amnesia
Potions
 d - a potion of curing
 e - 2 potions of magic
 h - a potion of mutation {unknown}
 l - a potion of flight
 s - 2 potions of resistance
 u - a potion of heal wounds {unknown}


   Skills:
 - Level 3.6 Fighting
 - Level 2.4 Long Blades
 - Level 3.6 Armour
 + Level 13.9 Shields


You had 7 spell levels left.
You didn't know any spells.
Your spell library contained the following spells:

 Spells                   Type           Power      Damage    Failure   Level
 Blink                    Tloc           0%         N/A       100%        2
 Lesser Beckoning         Tloc           0%         N/A       100%        3
 Hailstorm                Conj/Ice       0%         3d3       100%        4
 Ice Form                 Ice/Tmut       0%         N/A       100%        4
 Manifold Assault         Tloc           0%         N/A       100%        5
 Simulacrum               Ice/Necr       0%         N/A       100%        6


Dungeon Overview and Level Annotations

Branches:
Dungeon (7/15)
 Temple: D:4-7

Altars:
Qazlal

Annotations:
D:3 1 runed translucent door, MrRush's ghost, amateur MiFi
D:4 2 transporters, Radamante's ghost, amateur MiAK


Innate Abilities, Weirdness & Mutations

You have a pair of horns on your head.
You reflexively headbutt those who attack you in melee.


Message History

a +0 flail; a gnoll corpse
Things that are here:
a +0 flail; a gnoll corpse; an iguana corpse You see here 31 arrows.
Unknown command.
You see here 31 arrows.
Things that are here:
a +0 flail; a gnoll corpse; an iguana corpse
There is a stone staircase leading down, spattered with blood here.
There is a stone staircase leading down, spattered with blood here.
You climb downwards.
The ogre closely misses you. You block the jelly's attack.
The gnoll hits you but does no damage.
The ogre hits you with a +0 giant spiked club!
* * * LOW HITPOINT WARNING * * *
There is a stone staircase leading up, spattered with blood here.
You block the jelly's attack. The gnoll hits you with a +0 club.
* * * LOW HITPOINT WARNING * * *
The gnoll shaman calls upon its god to speed up the gnoll.
The gnoll seems to speed up.
You climb upwards.
There is a stone staircase leading down, spattered with blood here.
The jelly closely misses you. You block the gnoll's attack.
Things that are here:
a +0 flail; a gnoll corpse The gnoll hits you but does no damage.
The jelly hits you.
* * * LOW HITPOINT WARNING * * *
The acid corrodes you!
You are splashed with acid.
* * * LOW HITPOINT WARNING * * *
You block the gnoll's attack. The gnoll hits you with a +0 club.
* * * LOW HITPOINT WARNING * * *
You block the gnoll's attack. The gnoll barely misses you.
It was a potion of curing.
You feel better. You block the gnoll's attack.
The gnoll hits you with a +0 club.
* * * LOW HITPOINT WARNING * * *
The gnoll hits you with a +0 club.
* * * LOW HITPOINT WARNING * * *
The gnoll hits you with a +0 club!
You die...

............####.###.#
.##########.# #.....#
........# #.# ###.###
.######.# #.# ###.# ##
#.# #.# #.(.# # #.#
#.# #.### #### #.# #.#
#.# ...# #.# #.# #.#
.#.# #.# #.# #@#
...####.###.# #g#
.#.#........# #J#
.#.#.##.##..# #.#
.#.#.##)##..####g#
.#.#..>).....g.O.#
.#..()...#..######
.###..####..#
.###........#


You could see an ogre, a gnoll shaman, a jelly and a gnoll (fast).

Vanquished Creatures
  Pikel (D:4)
  Prince Ribbit (D:5)
  A water moccasin (D:5)
  A black bear (D:5)
  A necrophage (D:5)
  An ogre (D:4)
  A centaur (D:5)
  A lemure (D:4)
  3 scorpions
  A water moccasin skeleton (D:4)
  A howler monkey (D:5)
  2 hounds
  An orc priest (D:2)
  A jelly (D:5)
  Jessica (D:2)
  A gnoll shaman (D:4)
  Ijyb (D:3)
  An iguana (D:5)
  3 orc wizards (D:5)
  A howler monkey zombie (D:6)
  4 gnolls
  4 adders
  A white imp (D:5)
  An ufetubus (D:5)
  An adder skeleton (D:4)
  3 dart slugs
  3 worms
  11 orcs
  5 ball pythons
  3 bats
  2 endoplasms (D:4)
  3 giant cockroaches
  6 goblins
  8 hobgoblins
  6 jackals
  4 kobolds
  5 quokkas
  6 frilled lizards
  6 rats
107 creatures vanquished.

Notes
Turn   | Place    | Note
-------+----------+-------------------------------------------
     0 | D:1      | Valtiel the Minotaur Fighter began the quest for the Orb.
     0 | D:1      | Reached XP level 1. HP: 19/19 MP: 0/0
   122 | D:1      | Reached skill level 4 in Shields
   320 | D:1      | Found a faded altar of an unknown god.
   370 | D:1      | Reached XP level 2. HP: 24/26 MP: 1/1
   736 | D:2      | Reached skill level 5 in Shields
   929 | D:1      | Reached XP level 3. HP: 16/31 MP: 2/2
  1343 | D:2      | Reached XP level 4. HP: 39/39 MP: 3/3
  1362 | D:2      | Reached skill level 6 in Shields
  1604 | D:2      | Noticed Jessica
  1611 | D:2      | Killed Jessica
  1881 | D:3      | Noticed Ijyb
  1892 | D:3      | Killed Ijyb
  2196 | D:3      | Reached XP level 5. HP: 44/45 MP: 4/4
  2454 | D:3      | Found a runed translucent door.
  2454 | D:3      | Noticed MrRush's ghost (amateur MiFi)
  2459 | D:3      | Reached skill level 7 in Shields
  2657 | D:4      | Found a transporter.
  2660 | D:4      | Noticed Radamante's ghost (amateur MiAK)
  2809 | D:4      | Noticed an ogre
  2816 | D:4      | Killed an ogre
  2966 | D:4      | Reached skill level 8 in Shields
  2982 | D:4      | Found a transporter.
  3094 | D:4      | Reached XP level 6. HP: 42/51 MP: 5/5
  3160 | D:4      | You fall into a shaft and drop 3 floors!
  3188 | D:5      | Entered Level 5 of the Dungeon
  3444 | D:4      | Reached skill level 9 in Shields
  3537 | D:4      | Noticed Pikel
  3574 | D:4      | Killed Pikel
  3575 | D:4      | Reached skill level 10 in Shields
  3575 | D:4      | Reached XP level 7. HP: 22/57 MP: 6/6
  4166 | D:4      | Reached skill level 11 in Shields
  4375 | D:5      | Reached XP level 8. HP: 58/64 MP: 7/7
  4481 | D:5      | Noticed Prince Ribbit
  4489 | D:5      | Killed Prince Ribbit
  4490 | D:5      | Reached skill level 12 in Shields
  4707 | D:5      | Reached skill level 13 in Shields
  5002 | D:5      | Found a stormy altar of Qazlal.
  5725 | D:5      | Slain by a gnoll

Illustrated notes

Levels and vault maps discovered:
D:1:      eino_arrival_water_star, layout_rooms,
          ebering_ecumenical_altar_sacrificial,
          nicolae_concentric_dashed_squares_wild, minmay_misc_feat_chi,
          roderic_filled_cross
D:2:      layout_basic, uniq_jessica
D:3:      layout_basic, gammafunk_ghost_grave, grunt_ministairs_1,
          hangedman_abyss_or_decor_stabs, uniq_ijyb
D:4:      cheibrodos_barr_body, layout_basic, gammafunk_ghost_stat_death,
          uniq_pikel
D:5:      layout_loops_ring, nicolae_qazlal_scattered_showers,
          uniq_prince_ribbit1
D:6:      layout_rooms, uniq_duvessa, uniq_crazy_yiuf_cottage
D:7:      layout_basic, nicolae_overflow_hidden_temple,
          minmay_temple_entry_trees

Skill      XL: |  1  2  3  4  5  6  7  8 |
---------------+-------------------------+-----
Shields        | 4 5 6 8 10 11 13 | 13.9
Fighting       | |  3.6
Long Blades    | |  2.4
Armour         | |  3.6

Action                   |  1- 3 |  4- 6 |  7- 9 || total
-------------------------+-------+-------+-------++-------
Melee: Long sword        |    22 |       |       ||    22
       Headbutt          |     7 |    25 |    24 ||    56
       Dagger            |    32 |   173 |   145 ||   350
       Unarmed           |       |     8 |       ||     8
  Use: Scroll            |       |     6 |     6 ||    12
       Potion            |       |     1 |     1 ||     2
Armor: Scale mail        |    17 |    32 |       ||    49
       Chain mail        |       |    44 |    43 ||    87
Dodge: Dodged            |    23 |    51 |    49 ||   123
Block: Buckler           |    11 |    31 |    57 ||    99
